 Dungeon Crawl Stone Soup version 0.32-a0-913-g739538afd8 (webtiles) character file.

Game seed: 8695165568031727894

60 olmar the Cudgeller (level 3, -7/33 HPs)
             Began as a Mountain Dwarf Monk on Apr 9, 2024.
             Mangled by an ogre
             ... wielding a +0 giant club
              (25 damage)
             ... on level 3 of the Dungeon.
             The game lasted 00:02:04 (1622 turns).

olmar the Cudgeller (Mountain Dwarf Monk)           Turns: 1622, Time: 00:02:05

Health: -7/33      AC:  6    Str: 15    XL:     3   Next: 82%
Magic:  3/3        EV:  8    Int: 10    God:
Gold:   120        SH:  0    Dex: 12    Spells: 2/2 levels left

rFire   . . .        g - +0 hand axe (elec)
rCold   . . .        d - orb {light}
rNeg    . . .        c - +0 scale mail
rPois   .            (no helmet)
rElec   .            (no cloak)
rCorr   .            (no gloves)
SInv    .            (no boots)
Will    .....        (no amulet) Stlth
                     (no ring)
HPRegen 0.25/turn    (no ring)
MPRegen 0.08/turn

%: no passive effects
@: glowing
A: runic magic, artefact enchanting
a: no special abilities


You were on level 3 of the Dungeon.
You visited 1 branch of the dungeon, and saw 3 of its levels.

You collected 120 gold pieces.

Inventory:

Hand Weapons
 a - a +0 mace
 g - a +0 hand axe of electrocution (weapon)
 j - a +2 whip of flaming
Armour
 b - a +0 robe
 c - a +0 scale mail (worn)
 d - an orb of light (worn)
 h - a +0 ring mail
Scrolls
 e - a scroll of immolation
 i - 2 scrolls of identify
Potions
 f - a potion of enlightenment {unknown}
 k - a potion of curing
 l - a potion of berserk rage {unknown}


   Skills:
 + Level 4.1 Fighting
 - Level 0.1(2.8) Axes
 + Level 4.6 Maces & Flails
 + Level 1.4 Armour
 - Level 2.2 Dodging
 + Level 0.1 Stealth


You had 2 spell levels left.
You didn't know any spells.
Your spell library was empty.

Dungeon Overview and Level Annotations

Branches:
Dungeon (3/15)

Altars:


Innate Abilities, Weirdness & Mutations

Your spellcasting is much less encumbered by armour.
You can use scrolls of enchantment on lesser artefacts.


Message History

Done exploring.
There is a stone staircase leading down here.
You climb downwards.
There is a stone staircase leading up here.
Unknown command.
A giant cockroach comes into view.
Found a hand axe.
The giant cockroach waves its antennae.
A giant cockroach is nearby!
A giant cockroach is nearby!
You hit the giant cockroach.
The giant cockroach is severely wounded.
The giant cockroach bites you but does no damage. x2
You hit the giant cockroach.
You kill the giant cockroach!
No target in view!
l - a brown potion
Found a short sword.
Found a spear.
Found an escape hatch in the ceiling.
An ogre comes into view. It is wielding a +0 giant club.
The ogre shouts!
An ogre is nearby!
There is a shaft here.
Unknown command.
Unknown command.
You aren't carrying any items that you can evoke.
Unknown command.
You hit the ogre.
The ogre is lightly wounded.
The ogre hits you with a +0 giant club!
You hit the ogre. Lightning courses through the ogre!!
The ogre is severely wounded.
You hit the ogre.
The ogre is severely wounded.
The ogre closely misses you.
You hit the ogre.
The ogre is almost dead.
The ogre hits you with a +0 giant club!!
Ouch! That really hurt!
You die...

.....#..# #.#.#
........###.#.# .#
#...........#.. .#
#...)...####### .#
#...........#.. .#
#.......###.#.# .#
#.......# #.#.# .#
#.......###.#.###.#
#......^.......O@.#
#...........#.....#
.................##
#†#.########.###.#
#.#+# #.# #.# ###
### #.. # ##.# # .#
#


You could see an ogre.

Vanquished Creatures
  Terence (D:2)
  A dart slug (D:1)
  2 endoplasms (D:1)
  3 giant cockroaches
  2 goblins (D:2)
  3 hobgoblins
  3 jackals (D:1)
  2 ball pythons
  5 bats
  4 frilled lizards
  5 kobolds
  A rat (D:1)
32 creatures vanquished.

Notes
Turn   | Place    | Note
-------+----------+-------------------------------------------
     0 | D:1      | olmar the Mountain Dwarf Monk began the quest for the Orb.
     0 | D:1      | Reached XP level 1. HP: 19/19 MP: 1/1
   251 | D:1      | Reached XP level 2. HP: 26/26 MP: 2/2
   920 | D:2      | Noticed Terence
   945 | D:2      | Killed Terence
   946 | D:2      | Reached skill level 1 in Armour
   946 | D:2      | Reached XP level 3. HP: 11/33 MP: 3/3
  1592 | D:3      | Noticed an ogre
  1622 | D:3      | Mangled by an ogre

Illustrated notes

Levels and vault maps discovered:
D:1:      dpeg_arrival_rhombi, layout_loops_ring, minmay_heptomino_l4
D:2:      layout_rooms, serial_corexii_hall, corexii_hall_statues_l,
          corexii_hall_statues_x, corexii_hall_statues_u,
          corexii_hall_statues_i, minivault_24, uniq_terence
D:3:      layout_basic, serial_shops, shop, ebering_ghost_rock_garden,
          hangedman_decor_push, minmay_misc_feat_cross, uniq_crazy_yiuf_cottage

Skill      XL: |  1  2 |
---------------+-------+-----
Maces & Flails | 4 |  4.6
Fighting       | 4 |  4.1
Armour         | 1 |  1.4
Axes           | |  0.1
Dodging        | |  2.2
Stealth        | |  0.1

Action                     || total
---------------------------++-------
  Melee: Mace              ||    50
         Hand axe          ||    24
    Use: Scroll            ||     4
         Potion            ||     1
 Armour: Ring mail         ||    46
         Robe              ||     5
         Scale mail        ||    10
  Dodge: Dodged            ||    42

Table legend: (Time is in decaauts)
 A = Elapsed time spent in this place.
 B = Non-inter-level travel time spent in this place.
 C = Inter-level travel time spent in this place.
 D = Time resting spent in this place.
 E = Time spent auto-exploring this place.
 F = Levels seen in this place.
 G = Mean time per level.
                   A        B        C        D        E       F      G
               +--------+--------+--------+--------+--------+-----+--------+
         Total |   1634 |   1492 |    142 |     19 |   1209 |   3 |  544.7 |
       Dungeon |   1634 |   1492 |    142 |     19 |   1209 |   3 |  544.7 |
               +--------+--------+--------+--------+--------+-----+--------+

Top non-repeatable levels by time:
     D:1: 852 daAuts
     D:2: 674 daAuts
     D:3: 107 daAuts
